 Dungeon Crawl Stone Soup version 0.26-a0-710-g95a0c6c400 (webtiles) character file.

Game seed: 1619551119966241236

36 jiml777 the Gusty (level 3, -1/26 HPs)
             Began as a Demigod Air Elementalist on Oct 30, 2020.
             Slain by a hobgoblin
             ... wielding a +0 club
             ... led by Robin
              (3 damage)
             ... on level 1 of the Dungeon.
             The game lasted 00:09:06 (1718 turns).

jiml777 the Gusty (Demigod Air Elementalist)        Turns: 1718, Time: 00:09:10

Health: -1/26      AC:  2    Str: 11    XL:     3   Next: 5%
Magic:  0/8        EV: 13    Int: 21    God:
Gold:   78         SH:  0    Dex: 16    Spells: 3/6 levels left

rFire    . . .     SeeInvis .   g - +0 dagger
rCold    . . .     Faith    .   (no shield)
rNeg     . . .     Spirit   +   a - +0 robe
rPois    +         Reflect  .   (no helmet)
rElec    .         Harm     .   (no cloak)
rCorr    .         Rampage  .   (no gloves)
MR       .....                  (no boots)
Stlth    ++........             m - amulet of guardian spirit
HPRegen  0.08/turn              n - ring of poison resistance
MPRegen  0.11/turn              (no ring)

@: brilliant
A: high mp 1
a: no special abilities


You were on level 1 of the Dungeon.
You visited 1 branch of the dungeon, and saw 2 of its levels.

You collected 78 gold pieces.

Inventory:

Hand Weapons
 g - a +0 dagger (weapon)
Missiles
 d - 21 stones (quivered)
 e - 22 arrows
Armour
 a - a +0 robe (worn)
Jewellery
 m - an amulet of guardian spirit (around neck)
 n - a ring of poison resistance (left hand)
Scrolls
 b - 3 scrolls of teleportation {unknown}
 c - a scroll of enchant armour {unknown}
 h - a scroll of remove curse {unknown}
 i - a scroll of blinking {unknown}
 k - a scroll of noise {unknown}
Potions
 f - a potion of lignification {unknown}
 j - a potion of brilliance
 l - a potion of cancellation {unknown}


   Skills:
 + Level 2.0 Dodging
 + Level 2.2 Stealth
 + Level 2.0 Spellcasting
 + Level 1.1 Conjurations
 + Level 3.3 Air Magic


You had 3 spell levels left.
You knew the following spells:

 Your Spells              Type           Power        Failure   Level
a - Shock                 Conj/Air       ###.         6%          1
b - Swiftness             Air            ###.....     5%          2

Your spell library contained the following spells:

 Spells                   Type           Power        Failure   Level
 Static Discharge         Conj/Air       ###.....     17%         3
 Airstrike                Air            ###.......   36%         4
 Lightning Bolt           Conj/Air       ###.......   85%         5


Dungeon Overview and Level Annotations

Branches:
Dungeon (2/15)

Annotations:
D:1 1 runed translucent door
D:2 Robin


Innate Abilities, Weirdness & Mutations

You have an increased reservoir of magic. (+10% MP)


Message History

The goblin misses you.
Robin roars a battlecry!
The goblins go into a battle-frenzy!
The hobgoblin hits you. The goblin hits you with a +0 club!
The hobgoblin barely misses you.
There is a stone staircase leading up, spattered with blood here.
The goblin misses you. The hobgoblin misses you.
The hobgoblin closely misses you. The goblin misses you.
The hobgoblin hits you with a +0 club.
You climb upwards.
Level annotation: 1 runed translucent door
There is a stone staircase leading down, spattered with blood here.
It was a potion of brilliance.
You feel clever all of a sudden. The hobgoblin hits you.
* * * LOW HITPOINT WARNING * * *
The goblin barely misses you. The hobgoblin hits you with a +0 club.
* * * LOW HITPOINT WARNING * * *
The goblin completely misses you. The hobgoblin hits you with a +0 club.
You die...

#.#...###############[#.#.#...
####.#...#......B.r....#.#.#.#.##
.#...#...#....BBBJr.rr.#...#.#...
##.####..#.Jwhhrwrrhwrr#...#.####
.........#######+#######.#.#.†...
.#.###...#.............#.#.#.###.
.#.#.....'⌠....###....⌠'.#.#.# #.
.........#.....ggg.....#.#.#.###.
##.#.#...#..⌠..g@g..⌠..#.#.#.....
.#.###.#.###+#######+###.#.......
.#.....#.................########
.######################### .# .#
.# .# .#


You could see 2 worms, an ooze, 2 jackals, 3 hobgoblins, 2 goblins and 4 rats.

Vanquished Creatures
  A dart slug (D:1)
  2 bats (D:1)
  12 goblins
  3 hobgoblins (D:1)
  3 jackals (D:1)
  2 kobolds (D:1)
  2 frilled lizards (D:1)
  2 rats (D:1)
27 creatures vanquished.

Notes
Turn   | Place    | Note
-------+----------+-------------------------------------------
     0 | D:1      | jiml777 the Demigod Air Elementalist began the quest for
                  | the Orb.
     0 | D:1      | Reached XP level 1. HP: 14/14 MP: 5/5
     1 | D:1      | Found a runed translucent door.
   286 | D:1      | Reached skill level 3 in Air Magic
   287 | D:1      | Reached XP level 2. HP: 16/20 MP: 0/7
   532 | D:1      | Reached skill level 1 in Conjurations
  1329 | D:1      | Learned a level 2 spell: Swiftness
  1571 | D:2      | Noticed Robin
  1573 | D:2      | Reached XP level 3. HP: 22/26 MP: 4/8
  1718 | D:1      | Slain by a hobgoblin

Illustrated notes

Levels and vault maps discovered:
D:1:      dpeg_arrival_caged_fury, layout_basic
D:2:      layout_loops_ring, grunt_ministairs_9, minivault_5, minivault_11,
          uniq_natasha, uniq_sigmund, uniq_robin, uniq_crazy_yiuf_cottage

Skill      XL: |  1  2 |
---------------+-------+-----
Stealth        | 2 |  2.2
Air Magic      | 3 |  3.3
Conjurations   | 1 |  1.1
Dodging        | 2 |  2.0
Spellcasting   | 2 |  2.0

Action                   || total
-------------------------++-------
Melee: Unarmed           ||     3
       Dagger            ||    10
 Cast: Shock             ||    56
  Use: Potion            ||     1
Armor: Robe              ||     6
Dodge: Dodged            ||    36

Table legend: (Time is in decaauts)
 A = Elapsed time spent in this place.
 B = Non-inter-level travel time spent in this place.
 C = Inter-level travel time spent in this place.
 D = Time resting spent in this place.
 E = Time spent auto-exploring this place.
 F = Levels seen in this place.
 G = Mean time per level.
                   A        B        C        D        E       F      G
               +--------+--------+--------+--------+--------+-----+--------+
         Total |   1718 |   1682 |     36 |    678 |    748 |   2 |  859.0 |
       Dungeon |   1718 |   1682 |     36 |    678 |    748 |   2 |  859.0 |
               +--------+--------+--------+--------+--------+-----+--------+

Top non-repeatable levels by time:
     D:1: 1707 daAuts
     D:2: 11 daAuts
